 Dungeon Crawl Stone Soup version 0.20-a0-501-g0de2c2e (webtiles) character file.

53 Glaeka the Insei (level 3, -1/20 HPs)
             Began as a Vine Stalker Monk on Jan 19, 2017.
             Killed by divine providence
             ... invoked by an orc priest
              (9 damage)
             ... on level 3 of the Dungeon.
             The game lasted 00:08:36 (925 turns).

Glaeka the Insei (Vine Stalker Monk)                 Turns: 925, Time: 00:08:37

Health: -1/20      AC:  3    Str: 14    XL:     3   Next: 89%
Magic:  0/4        EV: 13    Int: 10    God:
Gold:   86         SH:  0    Dex: 16    Spells: 2/2 levels left

rFire    . . .     SeeInvis .     - Unarmed
rCold    . . .     Gourm    .   a - +0 robe
rNeg     . . .     Faith    .   (no shield)
rPois    .         Spirit   +   (no helmet)
rElec    .         Reflect  .   m - +0 cloak
rCorr    .         Harm     .   (no gloves)
MR       .....                  (no boots)
Stlth    ++........             (no amulet)
Regen    0.1/turn               (no ring)
                                (no ring)

@: no status effects
A: fangs 2, magic shield, antimagic bite, no potion heal 3, rot immunity
a: no special abilities


You were on level 3 of the Dungeon.
You were not hungry.

You visited 1 branch of the dungeon, and saw 3 of its levels.

You collected 86 gold pieces.

Inventory:

Missiles
 p - 26 poisoned needles
Armour
 a - a +0 robe (worn)
 m - a +0 cloak (worn)
Wands
 q - a wand of flame (29/48)
Scrolls
 d - 3 scrolls of identify {unknown}
 g - a scroll of teleportation {unknown}
 i - a scroll of fear {unknown}
 k - 2 scrolls of remove curse {unknown}
Potions
 c - a potion of curing {unknown}
 e - a potion of magic {unknown}
 f - a potion of lignification {unknown}
 j - a potion of heal wounds {unknown}
 l - 2 potions of brilliance {unknown}
Comestibles
 b - 2 bread rations
 h - a meat ration
 o - a chunk of flesh


   Skills:
 + Level 3.1 Fighting
 - Level 2.4 Dodging
 + Level 2.4 Stealth
 * Level 4.2 Unarmed Combat


You had 2 spell levels left.
You didn't know any spells.

Dungeon Overview and Level Annotations

Branches:
Dungeon (3/15)

Altars:
Makhleb


Innate Abilities, Weirdness & Mutations

You have extremely sharp teeth.
When hurt, damage is shared between your health and your magic reserves.
Your bite disrupts and absorbs the magic of your enemies.
Potions cannot restore your health.
You are immune to rotting.


Message History

You hit the orc.
The orc is lightly wounded.
The orc barely misses you.
You hit the orc. Your bite misses the orc.
The orc is heavily wounded.
The orc hits you but does no damage.
You hit the orc.
You kill the orc!
Things that are here:
a whip of electrocution; a leather armour x2
You see here a scale mail.
An orc priest comes into view. It is wielding a flail.
You see here a scale mail.
You start resting.
You hit the orc priest.
You bite the orc priest, but do no damage.
The orc priest is heavily wounded.
The orc priest mumbles some strange prayers to Beogh against you.
Beogh smites you!
You die...

###..#(...(.#.#.#..#.#
....#..... #.#.#..#.#
#...#...# #.###..#.#
#...#)..####......#.#
#.#...#...##.......##.#
#.....#......o..#####.#
#........###.##.#####.#
.....###o####.##.......#
... #.@)...########## .
########


You could see an orc priest.

Vanquished Creatures
  2 adders
  A worm (D:3)
  2 dart slugs (D:1)
  2 leopard geckos
  3 orcs (D:3)
  2 giant cockroaches
  3 hobgoblins
  2 bats (D:2)
  3 goblins
  3 kobolds
  3 rats (D:2)
26 creatures vanquished.

Notes
Turn   | Place    | Note
-------+----------+-------------------------------------------
     0 | D:1      | Glaeka the Vine Stalker Monk began the quest for the Orb.
     0 | D:1      | Reached XP level 1. HP: 11/11 MP: 2/2
    88 | D:1      | You fall through a shaft!
   117 | D:2      | Reached XP level 2. HP: 10/16 MP: 1/3
   295 | D:2      | Reached XP level 3. HP: 12/20 MP: 4/4
   315 | D:2      | Found a burning altar of Makhleb.
   688 | D:3      | Reached skill level 4 in Unarmed Combat
   925 | D:3      | Killed from afar by an orc priest

Vault maps used:
D:1:      roderic_chinese_lattice_arrival
D:2:      marbit_many_paths, lemuel_crystal_altar
D:3:      first_bread, nicolae_dithmenos_shadow_blocks

Skill      XL: |  1  2  3 |
---------------+----------+-----
Fighting       | 3 |  3.1
Unarmed Combat | 4 |  4.2
Dodging        | |  2.4
Stealth        | |  2.4

Action                   || total
-------------------------++-------
Melee: Unarmed           ||    86
       Bite              ||    21
Throw: Tomahawk          ||     5
 Stab: Sleeping          ||     3
Armor: Robe              ||     7
Dodge: Dodged            ||    46
